 Dungeon Crawl Stone Soup version 0.26.1-11-gd32895ea62 (console) character file.

Game seed: 17885724569685887215

12326 erker the Covert (level 11, -8/67 HPs)
             Began as a Vampire Enchanter on July 13, 2021.
             Was a High Priest of Dithmenos.
             Mangled by a cane toad (25 damage)
             ... on level 1 of the Lair of Beasts.
             The game lasted 00:58:21 (13832 turns).

erker the Covert (Vampire Enchanter)               Turns: 13832, Time: 00:58:22

Health: -8/67      AC: 11    Str:  7    XL:     11   Next: 61%
Magic:  20/20      EV: 16    Int: 22    God:    Dithmenos [*****.]
Gold:   626        SH:  0    Dex: 16    Spells: 13/22 levels left

rFire    . . .     SeeInvis +   a - +2 dagger (protect)
rCold    + + +     Faith    .   (no shield)
rNeg     + + +     Spirit   .   V - +2 robe {rC+}
rPois    ∞         Reflect  .   y - +2 helmet of Reujepp {Dex+2}
rElec    .         Harm     .   o - +1 cloak
rCorr    .         Rampage  .   c - +0 pair of gloves
Will     +....                  D - +0 pair of boots {Fly} Stlth *+++++++++
                                (no amulet)
HPRegen  0.00/turn              (no ring)
MPRegen  0.17/turn              (no ring)

@: flying, bloodless, wreathed by umbra
A: fangs 3, see invisible, unbreathing
a: Bat Form, Revivify, Stop Flying, Renounce Religion, Shadow Step, Shadow Form


You were on level 1 of the Lair of Beasts.
You worshipped Dithmenos.
Dithmenos was extremely pleased with you.
You visited 3 branches of the dungeon, and saw 12 of its levels.
You also visited: Sewer.

You collected 835 gold pieces.
You spent 209 gold pieces at shops.

Inventory:

Hand Weapons
 a - a +2 dagger of protection (weapon)
 b - a +1 short sword of speed
 P - a +1 rapier of draining
Missiles
 s - 25 poisoned darts (quivered)
 U - 4 curare-tipped darts
Armour
 c - a +0 pair of gloves (worn)
 o - a +1 cloak (worn)
 y - the +2 helmet of Reujepp (worn) {Dex+2}
   (You bought it in a shop on level 4 of the Dungeon)

   It affects your dexterity (+2).
 D - a +0 pair of boots of flying (worn)
 S - the +1 chain mail of the Morning Star {rN+ Stlth+, unknown}
   (You found it on level 9 of the Dungeon)

   It protects you from negative energy.
   It makes you more stealthy.
 V - a +2 robe of cold resistance (worn)
Jewellery
 w - an uncursed ring of ice
 H - a cursed amulet of inaccuracy {unknown}
 N - a +4 ring of protection {unknown}
Wands
 e - a wand of paralysis (17)
 r - a wand of polymorph (10)
 K - a wand of flame (46)
 O - a wand of random effects (6)
 Q - a wand of acid (5)
 W - a wand of digging (7)
Scrolls
 d - a scroll of immolation {unknown}
 f - a scroll of holy word {unknown}
 g - a scroll of noise {unknown}
 i - 3 scrolls of fog {unknown}
 j - 11 scrolls of teleportation
 l - 8 scrolls of remove curse
 n - 7 scrolls of blinking
 x - 2 scrolls of amnesia {unknown}
 A - a scroll of random uselessness {unknown}
 C - 4 scrolls of magic mapping {unknown}
 I - 8 scrolls of identify
 J - a scroll of enchant armour {unknown}
 L - 2 scrolls of enchant weapon {unknown}
Potions
 h - a potion of invisibility
 k - 4 potions of attraction
 m - 4 potions of heal wounds
 p - 4 potions of flight
 q - 2 potions of berserk rage
 t - 10 potions of curing
 u - 4 potions of haste {unknown}
 v - 2 potions of degeneration {unknown}
 z - a potion of resistance {unknown}
 B - a potion of brilliance {unknown}
 E - a potion of mutation {unknown}
 F - 4 potions of might
 G - 3 potions of magic
 M - a potion of lignification {unknown}
 R - a potion of cancellation {unknown}
 T - 2 potions of ambrosia {unknown}


   Skills:
 + Level 7.0 Fighting
 - Level 10.0 Short Blades
 - Level 4.0 Throwing
 - Level 6.2 Dodging
 - Level 12.0 Stealth
 - Level 6.0 Spellcasting
 - Level 8.0 Hexes
 - Level 6.0 Ice Magic
 - Level 2.0 Invocations


You had 13 spell levels left.
You knew the following spells:

 Your Spells              Type           Power        Failure   Level
a - Corona                Hex            45%          1%          1
c - Confusing Touch       Hex            41%          1%          3
t - Tukima's Dance        Hex            41%          1%          3
z - Ensorcelled Hibernat  Hex/Ice        74%          1%          2

Your spell library contained the following spells:

 Spells                   Type           Power        Failure   Level
 Dazzling Flash           Conj/Hex       48%          5%          3
 Irradiate                Conj/Tmut      3%           94%         5
 Hydra Form               Tmut           3%           100%        6
 Statue Form              Tmut/Erth      4%           100%        6
 Dragon Form              Tmut           3%           100%        7


Dungeon Overview and Level Annotations

Branches:
Dungeon (10/15)            Temple (1/1) D:4            Lair (1/6) D:10
    Orc (0/2) D:9           Sewer (visited)

Altars:
Ashenzari
Cheibriados
Dithmenos
Elyvilon
Fedhas
Gozag
Hepliaklqana
Kikubaaqudgha
Makhleb
Nemelex Xobeh
Okawaru
Qazlal
Ru
Sif Muna
Trog
Uskayaw
Vehumet
Wu Jian
Xom
Yredelemnul
Zin
The Shining One

Shops:
D:4 *   D:5 :

Annotations:
Lair:1 2 transporters, PanSaczeczos's ghost, novice VSWr


Innate Abilities, Weirdness & Mutations

You do not regenerate when monsters are visible.
You are frail without blood (-20% HP).
You can heal yourself when you bite living creatures.
You are immune to poison.
You have razor-sharp teeth.
You have supernaturally acute eyesight. (SInv)
You can survive without breathing.


Message History

Your hands stop glowing.
Press: ? - help, v - describe, . - travel The floor.
This square is wreathed by an umbra.
Found 15 gold pieces.
Found a scroll labelled NAVAIKL SISEA.
Found 3 scrolls labelled QETHOON QAYJU.
Found 16 gold pieces.
Casting: Confusing Touch (safe; 1% risk of failure)
Confirm with . or Enter, or press ? or * to list all spells.
Aiming: Ensorcelled Hibernation (safe; 1% risk of failure)
Press: ? - help, Shift-Dir - straight line, f - cane toad
Aim: a cane toad (umbra, chance to affect: 65%)
The cane toad looks drowsy...
The cane toad gives a loud, deep croak!
The cane toad barely misses you. The cane toad closely misses you.
The cane toad stings you but does no damage.
The cane toad stings you!!
You die...

. ...#..............# ##..##....#
##...# ... #......###...#P....#
.....# ... #...................
.....##+##.###...................
.................................
............<....................
#.#..............................
..#................######..##....
F......##..##.##@..######.'#...#
..#....P##. ####F...'..........#
..#....###.# ###....#......##..#
..#....### ..#.....#.......# ..#
..#.....# ................# ##
..#.....# ...##..Y.##......#....
.......## ## #....#P......##..#
..#....# ##...####.+####..##
#.#....#########...#.#...#.##...#


You could see a death yak and a cane toad.

Vanquished Creatures
  Fannar (D:10)
  2 death yaks (Lair:1)
  Sonja (D:10)
  An unseen horror (D:10)
  3 cane toads (Lair:1)
  3 komodo dragons (Lair:1)
  A troll (D:10)
  A polar bear (Lair:1)
  4 blink frogs (Lair:1)
  Sigmund (D:2)
  4 wraiths (D:10)
  7 yaks
  Edmund (D:5)
  Duvessa (D:5)
  2 water moccasins (D:10)
  3 ice beasts
  3 phantoms
  3 black bears
  An ogre (D:8)
  A necrophage (D:7)
  3 centaurs
  3 wolves (Lair:1)
  6 bullfrogs
  Dowan (D:5)
  A scorpion (D:4)
  6 killer bees
  5 wights (D:8)
  7 howler monkeys
  An electric eel (D:9)
  A bullfrog zombie (D:9)
  2 centaur zombies
  4 jellies
  5 orc priests
  A gnoll shaman (D:8)
  4 bullfrog skeletons
  3 hounds
  4 orc wizards
  5 iguanas
  11 worker ants
  A hound zombie (D:5)
  A hound skeleton (D:7)
  2 worker ant zombies
  16 adders
  15 gnolls
  A howler monkey skeleton (D:6)
  2 shadow imps
  2 white imps
  2 ufetubi
  5 oozes
  11 worms
  3 dart slugs
  6 leopard geckos
  36 orcs
  13 ball pythons (Sewer)
  7 bats
  5 giant cockroaches
  8 goblins
  5 hobgoblins
  13 jackals
  5 quokkas
  7 frilled lizards
  11 kobolds
  A leopard gecko skeleton (D:6)
  2 quokka skeletons
  39 rats
  A spectral orc (D:4)
337 creatures vanquished.

Vanquished Creatures (others)
  2 dancing weapons
  49 fungi
  42 plants
93 creatures vanquished.

Grand Total: 430 creatures vanquished

Notes
Turn   | Place    | Note
-------+----------+-------------------------------------------
     0 | D:1      | erker the Vampire Enchanter began the quest for the Orb.
     0 | D:1      | Reached XP level 1. HP: 13/13 MP: 3/3
   265 | D:1      | Reached XP level 2. HP: 12/19 MP: 3/5
   268 | D:1      | Learned a level 2 spell: Ensorcelled Hibernation
   608 | D:1      | Reached skill level 1 in Ice Magic
   611 | D:1      | Reached XP level 3. HP: 24/24 MP: 6/6
  1182 | D:2      | Reached skill level 1 in Fighting
  1233 | D:2      | Reached XP level 4. HP: 22/22 MP: 7/7
  1374 | D:2      | Learned a level 3 spell: Tukima's Dance
  1374 | D:2      | Noticed Sigmund
  1388 | D:2      | Killed Sigmund
  1389 | D:2      | Reached skill level 5 in Stealth
  1389 | D:2      | Reached skill level 5 in Hexes
  1389 | D:2      | Reached XP level 5. HP: 27/30 MP: 5/8
  1547 | D:2      | Reached XP level 6. HP: 35/35 MP: 2/9
  3466 | D:4      | Reached skill level 6 in Stealth
  3804 | D:4      | Reached XP level 7. HP: 40/40 MP: 10/10
  3897 | D:4      | Found a staircase to the Ecumenical Temple.
  3902 | Temple   | Entered the Ecumenical Temple
  4164 | Temple   | Became a worshipper of Dithmenos the Shadowed
  4347 | D:4      | Found Ode Atodd's Assorted Antiques.
  4350 | D:4      | Bought an ancient helmet for 209 gold pieces
  4355 | D:4      | Identified the +2 helmet of Reujepp {Dex+2} (You bought it
                  | in a shop on level 4 of the Dungeon)
  4396 | D:4      | Found a basalt altar of Yredelemnul.
  4576 | D:5      | Entered Level 5 of the Dungeon
  4579 | D:5      | Noticed Dowan
  4585 | D:5      | Noticed Duvessa
  4586 | D:5      | Killed Dowan
  4632 | D:5      | Killed Duvessa
  4633 | D:5      | Reached skill level 5 in Dodging
  5149 | D:5      | Noticed Edmund
  5203 | D:5      | Killed Edmund
  5415 | D:5      | Found Allytipp's Book Boutique.
  5624 | D:5      | Reached skill level 5 in Ice Magic
  5624 | D:5      | Reached XP level 8. HP: 44/44 MP: 11/11
  5642 | D:5      | Reached * piety under Dithmenos
  5909 | D:5      | Learned a level 3 spell: Confusing Touch
  6216 | D:6      | Reached skill level 5 in Short Blades
  6345 | D:6      | Found a glowing drain.
  6353 | Sewer    | Entered a sewer
  6403 | Sewer    | Reached ** piety under Dithmenos
  6711 | Sewer    | Reached skill level 1 in Invocations
  7065 | D:6      | Reached *** piety under Dithmenos
  8119 | D:7      | Reached XP level 9. HP: 52/52 MP: 12/12
  8350 | D:7      | Found a sacrificial altar of Ru.
  9783 | D:8      | Reached **** piety under Dithmenos
 10270 | D:8      | Reached skill level 7 in Stealth
 10455 | D:8      | Reached skill level 8 in Stealth
 10772 | D:9      | Found a staircase to the Orcish Mines.
 10831 | D:9      | Reached skill level 5 in Fighting
 11118 | D:9      | Got a steaming chain mail
 11815 | D:10     | Entered Level 10 of the Dungeon
 11832 | D:10     | Noticed Sonja
 11847 | D:10     | Killed Sonja
 11848 | D:10     | Reached XP level 10. HP: 60/60 MP: 13/16
 11878 | D:10     | Noticed Fannar
 11900 | D:10     | Killed Fannar
 11940 | D:10     | Reached ***** piety under Dithmenos
 12003 | D:10     | Found a staircase to the Lair.
 12010 | D:10     | Reached skill level 10 in Short Blades
 12028 | D:10     | Reached skill level 9 in Stealth
 12153 | D:10     | Noticed an unseen horror
 12163 | D:10     | Killed an unseen horror
 12164 | D:10     | Reached skill level 10 in Stealth
 12164 | D:10     | Reached skill level 5 in Spellcasting
 12310 | D:10     | Found the +5 scythe "Finisher" {speed, eviscerate}
 12365 | D:10     | Reached skill level 1 in Throwing
 12807 | Lair:1   | Entered Level 1 of the Lair of Beasts
 12811 | Lair:1   | Reached XP level 11. HP: 64/64 MP: 20/20
 13217 | Lair:1   | Reached skill level 11 in Stealth
 13411 | Lair:1   | Found a transporter.
 13423 | Lair:1   | Identified the +4 demon trident of Subjectivity {flame,
                  | rPois}
 13423 | Lair:1   | Noticed a spriggan rider
 13424 | Lair:1   | Noticed PanSaczeczos's ghost (novice VSWr)
 13427 | Lair:1   | Found a bloodstained altar of Trog.
 13435 | Lair:1   | Identified the +2 spear of the Lonely Knives {vorpal, rElec
                  | Dex+4}
 13435 | Lair:1   | Noticed a spriggan rider
 13453 | Lair:1   | Found a transporter.
 13688 | Lair:1   | Reached skill level 12 in Stealth
 13747 | Lair:1   | Noticed a death yak
 13748 | Lair:1   | Noticed a death yak
 13749 | Lair:1   | Noticed a death yak
 13750 | Lair:1   | Noticed a death yak
 13754 | Lair:1   | Noticed a death yak
 13755 | Lair:1   | Killed a death yak
 13757 | Lair:1   | Killed a death yak
 13832 | Lair:1   | Mangled by a cane toad

Illustrated notes

Levels and vault maps discovered:
D:1:      wander_arrival_estate, layout_basic
D:2:      layout_basic, uniq_sigmund
D:3:      layout_basic, chequers_big_river
D:4:      layout_cave_pools, yredelemnul_forgotten_temple_becter,
          minmay_temple_entry_butterflies, serial_park, serial_park_tiny_2,
          serial_park_tiny_1, serial_park_tiny_pond, serial_shops,
          nicolae_shop_behind_doors, hangedman_decor_opposing,
          kennysheep_doodads
D:5:      layout_loops_ring, serial_shops, shop, uniq_edmund, uniq_duvessa
D:6:      layout_loops_ring, lightli_sewer_entry_pipes, st_stairs_3,
          minmay_misc_feat_columns, grunt_decor_clamped,
          chequers_serial_rivers_micro_b
D:7:      layout_layer_cave, hangedman_ru_absence
D:8:      layout_basic
D:9:      layout_layer_cave, orc_0_dummy, nrook_pool_corridor
D:10:     layout_roguey, due_lair_maze_entry_diamond,
          minmay_guarded_unrand_finisher, uniq_fannar, uniq_sonja
Temple:   nicolae_temple_the_god_donut
Lair:1:   layout_regular_city, gammafunk_ghost_wrathful_warriors,
          beast_lair_carwin_6

Skill      XL: |  1  2  3  4  5  6  7  8  9 10 11 |
---------------+----------------------------------+-----
Short Blades   | 2 3 4 6 8 10 | 10.0
Ice Magic      | 1 2 3 4 5 6 |  6.0
Fighting       | 1 2 3 6 7 |  7.0
Stealth        | 5 6 8 10 12 | 12.0
Hexes          | 5 6 8 |  8.0
Dodging        | 4 6 |  6.2
Invocations    | 2 |  2.0
Spellcasting   | 4 6 |  6.0
Throwing       | 2 4 |  4.0

Action                   |  1- 3 |  4- 6 |  7- 9 | 10-12 || total
-------------------------+-------+-------+-------+-------++-------
Melee: Dagger            |    37 |     5 |   360 |    52 ||   454
       Bite              |     6 |    10 |    68 |     5 ||    89
       Short sword       |    76 |   148 |   527 |    50 ||   801
Throw: Dart              |       |     6 |     2 |     3 ||    11
 Cast: Corona            |     7 |     1 |       |       ||     8
       Ensorcelled Hiber |     1 |    21 |    64 |    44 ||   130
       Tukima's Dance    |       |     1 |     4 |       ||     5
       Confusing Touch   |       |       |    18 |     3 ||    21
 Abil: Exsanguinate      |     2 |       |       |       ||     2
       Revivify          |     2 |       |       |       ||     2
       End Transformatio |       |     1 |     1 |       ||     2
       Bat Form          |       |     1 |     1 |       ||     2
       Stop Flying       |       |     1 |       |       ||     1
Evoke: Wand              |       |       |     2 |       ||     2
  Use: Potion            |       |     1 |     1 |       ||     2
       Scroll            |       |       |    10 |       ||    10
 Stab: Sleeping          |    13 |    30 |    75 |    45 ||   163
       Distracted        |     1 |       |       |     1 ||     2
       Confused          |       |       |    17 |     4 ||    21
       Invisible         |       |       |     5 |       ||     5
Armor: Robe              |    23 |    23 |   190 |    13 ||   249
Dodge: Dodged            |    47 |    73 |   559 |    43 ||   722
